SOB
SANTA DOMINGO COLONIALS @ PORT-AU-PRINCE PIRATES
12/17/1981
 
TOP OF THE 1ST
Santa Domingo Colonials batting - Pitching for Port-au-Prince Pirates : RHP Gregory Staffon
Pitching: RHP Gregory Staffon
Batting: SHB Curt Bryan 0-0: Ball
1-0: Called Strike
1-1: Called Strike
1-2: Strikes out looking
Batting: SHB Bip Roberts 0-0: Called Strike
0-1: Ball
1-1: Swinging Strike
1-2: Ball
2-2: Ball
3-2: Foul Ball, location: 2F
3-2: Foul Ball, location: 2F
3-2: Base on Balls
Batting: LHB Mike Stenhouse 0-0: Called Strike
0-1: Ball
1-1: Swinging Strike
1-2: Foul Ball, location: 2F
1-2: Ball
2-2: Foul Ball, location: 2F
2-2: Ball
3-2: Fly out, F8 (Line Drive, 8RD, EV 88.8 MPH)
Batting: LHB Marvell Wynne 0-0: Ball
1-0: Called Strike
Bip Roberts is caught stealing 2nd base 2-6
Top of the 1st over - 0 runs, 0 hits, 0 errors, 0 left on base; Santa Domingo 0 - Port-au-Prince 0
BOTTOM OF THE 1ST
Port-au-Prince Pirates batting - Pitching for Santa Domingo Colonials : RHP Gregorio Soto
Pitching: RHP Gregorio Soto
Batting: RHB Robert Duran 0-0: SINGLE (Line Drive, 8RS, EV 100.6 MPH)
Batting: RHB Bobby Miscik 0-0: Ball
1-0: Called Strike
1-1: Called Strike
1-2: Ball
2-2: Strikes out swinging
Batting: RHB Dennis Tiefenthaler 0-0: Ball
1-0: Foul Ball, location: 2F
1-1: Called Strike
1-2: Fly out, F9 (Line Drive, 9D, EV 98.1 MPH)
Batting: LHB John Edmonds 0-0: Foul Ball, location: 2F
0-1: Ball
1-1: Called Strike
1-2: Strikes out swinging
Bottom of the 1st over - 0 runs, 1 hit, 0 errors, 1 left on base; Santa Domingo 0 - Port-au-Prince 0
TOP OF THE 2ND
Santa Domingo Colonials batting - Pitching for Port-au-Prince Pirates : RHP Gregory Staffon
Batting: LHB Marvell Wynne 0-0: Called Strike
0-1: SINGLE (Flyball, 34D, EV 88.8 MPH)
Batting: RHB Ryne Sandberg 0-0: TRIPLE (Line Drive, 8RXD, EV 97.5 MPH)
Marvell Wynne scores
Batting: RHB Ramon Estepa 0-0: Swinging Strike
0-1: Ground out 5-3 (Groundball, 5, EV 97.5 MPH)
Batting: RHB Ron Wotus 0-0: Swinging Strike
0-1: Ball
1-1: Foul Ball, location: 2F
1-2: Foul Ball, location: 2F
1-2: Strikes out swinging
Batting: LHB Rich Gedman 0-0: Ball
1-0: Called Strike
1-1: Ball
2-1: Foul Ball, location: 2F
2-2: 2-RUN HOME RUN (Flyball, 9LD, EV 95.6 MPH), Distance : 368 ft
Batting: SHB Eddie Tanner 0-0: Called Strike
0-1: DOUBLE (Line Drive, 5D, EV 101.3 MPH)
Batting: SHB Curt Bryan 0-0: Ball
1-0: Ball
2-0: Ball
3-0: Base on Balls
Batting: SHB Bip Roberts 0-0: Called Strike
0-1: Foul Ball, location: 2F
0-2: Foul Ball, location: 2F
0-2: Ball
1-2: SINGLE (Flyball, 9S, EV 82.5 MPH)
Eddie Tanner to third
Curt Bryan to second
Runner from 3rd tries for Home, SAFE, throw by RF to home
Batting: LHB Mike Stenhouse 0-0: Ball
1-0: Ball
2-0: Called Strike
2-1: Called Strike
2-2: Ball
3-2: 3-RUN HOME RUN (Flyball, 89XD, EV 98.8 MPH), Distance : 407 ft
Pitching: LHP Daniel Brown
Batting: LHB Marvell Wynne 0-0: Fly out, F8 (Flyball, 8RD, EV 90.6 MPH)
Top of the 2nd over - 7 runs, 6 hits, 0 errors, 0 left on base; Santa Domingo 7 - Port-au-Prince 0
BOTTOM OF THE 2ND
Port-au-Prince Pirates batting - Pitching for Santa Domingo Colonials : RHP Gregorio Soto
Batting: RHB Ronald Carapezzi 0-0: Called Strike
0-1: Ball
1-1: Ball
2-1: Ball
3-1: Base on Balls
Batting: RHB Byron Peyton 0-0: Called Strike
0-1: Foul Ball, location: 2F
0-2: Foul Ball, location: 2F
0-2: Strikes out swinging
Batting: LHB Tim Jordan 0-0: Ball
1-0: Called Strike
1-1: Fly out, F4 (Popup, 4, EV 70.6 MPH)
Batting: RHB Augie Schmidt 0-0: Ball
1-0: Called Strike
1-1: Called Strike
1-2: Ball
2-2: Foul Ball, location: 2F
2-2: Ball
3-2: Ground out 6-3 (Groundball, 6, EV 78.1 MPH)
Bottom of the 2nd over - 0 runs, 0 hits, 0 errors, 1 left on base; Santa Domingo 7 - Port-au-Prince 0
TOP OF THE 3RD
Santa Domingo Colonials batting - Pitching for Port-au-Prince Pirates : LHP Daniel Brown
Batting: RHB Ryne Sandberg 0-0: Foul Ball, location: 2F
0-1: Ball
1-1: Ball
2-1: Swinging Strike
2-2: Foul Ball, location: 2F
2-2: Strikes out swinging
Batting: RHB Ramon Estepa 0-0: Ball
1-0: SINGLE (Line Drive, 4MD, EV 110.0 MPH)
Batting: RHB Ron Wotus 0-0: Foul Ball, location: 2F
0-1: Fielders Choice at 2nd, 6-4 (Groundball, 6, EV 82.5 MPH)
Batting: LHB Rich Gedman 0-0: Called Strike
0-1: Foul Ball, location: 2F
0-2: SINGLE (Groundball, 5D, EV 95.6 MPH)
Ron Wotus to second
Batting: SHB Eddie Tanner 0-0: Ball
Ron Wotus steals 3rd base (no throw)
1-0: Ball
2-0: Foul Ball, location: 2F
2-1: Swinging Strike
2-2: Ball
3-2: Foul Ball, location: 2F
3-2: Base on Balls
Rich Gedman to second
Batting: SHB Curt Bryan 0-0: Called Strike
0-1: Ground out U3 (Groundball, 34, EV 86.9 MPH)
Top of the 3rd over - 0 runs, 2 hits, 0 errors, 3 left on base; Santa Domingo 7 - Port-au-Prince 0
BOTTOM OF THE 3RD
Port-au-Prince Pirates batting - Pitching for Santa Domingo Colonials : RHP Gregorio Soto
Batting: RHB Gerry Melillo 0-0: Fly out, F7 (Flyball, 7, EV 93.8 MPH)
Batting: RHB Robert Duran 0-0: Called Strike
0-1: Ball
1-1: Ball
2-1: Ball
3-1: Base on Balls
Batting: RHB Bobby Miscik 0-0: Ball
1-0: Fly out, F8 (Flyball, 8RD, EV 88.8 MPH)
Batting: RHB Dennis Tiefenthaler 0-0: Ball
1-0: Ball
2-0: Foul Ball, location: 2F
2-1: Ball
3-1: Called Strike
3-2: Strikes out swinging
Bottom of the 3rd over - 0 runs, 0 hits, 0 errors, 1 left on base; Santa Domingo 7 - Port-au-Prince 0
TOP OF THE 4TH
Santa Domingo Colonials batting - Pitching for Port-au-Prince Pirates : LHP Daniel Brown
Batting: SHB Bip Roberts 0-0: Ball
1-0: Swinging Strike
1-1: Fly out, F8 (Line Drive, 8RM, EV 99.4 MPH)
Batting: LHB Mike Stenhouse 0-0: Ball
1-0: Swinging Strike
1-1: Foul Ball, location: 2F
1-2: Ball
2-2: Foul Ball, location: 2F
2-2: Strikes out swinging
Batting: LHB Marvell Wynne 0-0: SINGLE (Line Drive, 8LS, EV 104.4 MPH)
Batting: RHB Ryne Sandberg 0-0: Called Strike
0-1: Ball
1-1: Ball
2-1: Swinging Strike
Pickoff Throw by Catcher to First - Out!
Top of the 4th over - 0 runs, 1 hit, 0 errors, 0 left on base; Santa Domingo 7 - Port-au-Prince 0
BOTTOM OF THE 4TH
Port-au-Prince Pirates batting - Pitching for Santa Domingo Colonials : RHP Gregorio Soto
Batting: LHB John Edmonds 0-0: Called Strike
0-1: Called Strike
0-2: Ball
1-2: Foul Ball, location: 2F
1-2: Ball
2-2: Ball
3-2: Ground out 4-3 (Groundball, 34D, EV 100.6 MPH)
Batting: RHB Ronald Carapezzi 0-0: Ball
1-0: Swinging Strike
1-1: Ball
2-1: Swinging Strike
2-2: Strikes out swinging
Batting: RHB Byron Peyton 0-0: Ball
1-0: Foul Ball, location: 2F
1-1: Ground out 5-3 (Groundball, 56S, EV 93.8 MPH)
Bottom of the 4th over - 0 runs, 0 hits, 0 errors, 0 left on base; Santa Domingo 7 - Port-au-Prince 0
TOP OF THE 5TH
Santa Domingo Colonials batting - Pitching for Port-au-Prince Pirates : LHP Daniel Brown
Batting: RHB Ryne Sandberg 0-0: Ball
1-0: SINGLE (Flyball, 7S, EV 91.9 MPH)
Pitching: RHP Rafael Camarena
Batting: RHB Ramon Estepa 0-0: Ball
1-0: Ball
2-0: Foul Ball, location: 2F
2-1: Called Strike
2-2: Ball
3-2: Base on Balls
Ryne Sandberg to second
Batting: RHB Ron Wotus 0-0: Ball
1-0: Called Strike
1-1: Swinging Strike
1-2: Strikes out looking
Batting: LHB Rich Gedman 0-0: Ball
1-0: Called Strike
Ryne Sandberg steals 3rd base
Ramon Estepa to second
1-1: Ball
2-1: Ball
3-1: Single, Error in OF, E9, batter to second base (Groundball, 4D, EV 109.4 MPH)
Ryne Sandberg scores
Ramon Estepa scores
Batting: SHB Eddie Tanner 0-0: Called Strike
0-1: Foul Ball, location: 2F
0-2: Foul Ball, location: 2F
0-2: Ground out 6-3 (Groundball, 6, EV 93.8 MPH)
Batting: SHB Curt Bryan 0-0: Swinging Strike
0-1: DOUBLE (Flyball, 89XD, EV 95.0 MPH)
Rich Gedman scores
Pitching: LHP Thomas Fiesthumel
Batting: SHB Bip Roberts 0-0: Ball
1-0: Called Strike
1-1: Called Strike
1-2: SINGLE (Line Drive, 89M, EV 106.3 MPH)
Curt Bryan to third
Runner from 3rd tries for Home, SAFE, no throw by CF
Batting: LHB Mike Stenhouse 0-0: Ball
1-0: Ball
2-0: Ball
3-0: Called Strike
3-1: Called Strike
3-2: Foul Ball, location: 2F
3-2: Base on Balls
Bip Roberts to second
Batting: LHB Marvell Wynne 0-0: Ball
1-0: Called Strike
1-1: Swinging Strike
1-2: Strikes out swinging
Top of the 5th over - 4 runs, 4 hits, 1 error, 2 left on base; Santa Domingo 11 - Port-au-Prince 0
BOTTOM OF THE 5TH
Port-au-Prince Pirates batting - Pitching for Santa Domingo Colonials : RHP Gregorio Soto
Batting: LHB Tim Jordan 0-0: Ball
1-0: Foul Ball, location: 2F
1-1: Ball
2-1: Called Strike
2-2: Ball
3-2: Base on Balls
Batting: RHB Augie Schmidt 0-0: Called Strike
0-1: Foul Ball, location: 2F
0-2: Strikes out swinging
Batting: RHB Gerry Melillo 0-0: Ball
Tim Jordan steals 2nd base
1-0: Ball
2-0: Ball
3-0: Called Strike
3-1: Ground out 6-3 (Groundball, 6, EV 75.6 MPH)
Tim Jordan to third
Batting: RHB Robert Duran Balk!
Tim Jordan scores
0-0: Ball
1-0: Ball
2-0: Ball
3-0: Base on Balls
Batting: RHB Bobby Miscik 0-0: Called Strike
0-1: Ball
Robert Duran steals 2nd base (no throw)
1-1: Foul Ball, location: 2F
1-2: Foul Ball, location: 2F
1-2: Ground out 6-3 (Groundball, 6, EV 100.0 MPH)
Bottom of the 5th over - 1 run, 0 hits, 0 errors, 1 left on base; Santa Domingo 11 - Port-au-Prince 1
TOP OF THE 6TH
Santa Domingo Colonials batting - Pitching for Port-au-Prince Pirates : LHP Thomas Fiesthumel
Batting: RHB Ryne Sandberg 0-0: Ball
1-0: Foul Ball, location: 2F
1-1: Ball
2-1: Called Strike
2-2: SINGLE (Groundball, 56S, EV 69.4 MPH) (infield hit)
Batting: RHB Ramon Estepa 0-0: Ball
1-0: Called Strike
1-1: Ball
2-1: Fly out, F8 (Flyball, 8LS, EV 92.5 MPH)
Batting: RHB Ron Wotus 0-0: Called Strike
0-1: Ball
1-1: Ball
2-1: Ball
3-1: Base on Balls
Ryne Sandberg to second
Batting: LHB Rich Gedman 0-0: Ball
1-0: Called Strike
1-1: Called Strike
1-2: Ball
2-2: SINGLE (Line Drive, 89M, EV 105.6 MPH)
Ryne Sandberg to third
Ron Wotus to second
Runner from 3rd tries for Home, SAFE, throw by RF to home
Batting: SHB Eddie Tanner 0-0: Ball
1-0: Ball
2-0: Ball
3-0: Called Strike
3-1: Base on Balls
Ron Wotus to third
Rich Gedman to second
Batting: SHB Curt Bryan 0-0: Fly out, F5 (Popup, 5, EV 73.8 MPH)
Batting: SHB Bip Roberts 0-0: Called Strike
0-1: Foul Ball, location: 2F
0-2: Fielders Choice at 2nd, U4 (Groundball, 4M, EV 103.8 MPH)
Top of the 6th over - 1 run, 2 hits, 0 errors, 3 left on base; Santa Domingo 12 - Port-au-Prince 1
BOTTOM OF THE 6TH
Port-au-Prince Pirates batting - Pitching for Santa Domingo Colonials : RHP Gregorio Soto
Batting: RHB Dennis Tiefenthaler 0-0: Ball
1-0: Ball
2-0: Ball
3-0: Base on Balls
Batting: LHB John Edmonds 0-0: Grounds into double play, 6-4-3 (Groundball, 6, EV 85.0 MPH)
Batting: RHB Ronald Carapezzi 0-0: Ball
1-0: Ball
2-0: Called Strike
2-1: Ground out 6-3 (Groundball, 6D, EV 100.6 MPH)
Bottom of the 6th over - 0 runs, 0 hits, 0 errors, 0 left on base; Santa Domingo 12 - Port-au-Prince 1
TOP OF THE 7TH
Santa Domingo Colonials batting - Pitching for Port-au-Prince Pirates : LHP Thomas Fiesthumel
Batting: LHB Mike Stenhouse 0-0: Ball
1-0: Ball
2-0: Ball
3-0: Base on Balls
Pitching: RHP Michael Morrissey
Batting: LHB Marvell Wynne 0-0: Called Strike
0-1: Called Strike
0-2: Foul Ball, location: 2F
0-2: Ball
1-2: SINGLE (Groundball, 34D, EV 98.1 MPH)
Mike Stenhouse to second
Batting: RHB Ryne Sandberg 0-0: SINGLE (Flyball, 4D, EV 81.9 MPH)
Mike Stenhouse to third
Marvell Wynne to second
Batting: RHB Ramon Estepa 0-0: Ball
1-0: Ball
2-0: Called Strike
2-1: Ball
3-1: Base on Balls
Mike Stenhouse scores
Marvell Wynne to third
Ryne Sandberg to second
Batting: RHB Ron Wotus 0-0: Ball
1-0: TRIPLE (Flyball, 7D, EV 112.5 MPH)
Marvell Wynne scores
Ryne Sandberg scores
Ramon Estepa scores
Batting: LHB Rich Gedman 0-0: Foul Ball, location: 2F
0-1: Swinging Strike
0-2: SINGLE (Groundball, 34D, EV 96.9 MPH)
Ron Wotus scores
Pitching: RHP Scott Farmer
Batting: SHB Eddie Tanner 0-0: Ball
1-0: Called Strike
1-1: Ball
2-1: Foul Ball, location: 2F
2-2: Ball
3-2: Base on Balls
Rich Gedman to second
Batting: SHB Curt Bryan 0-0: Called Strike
0-1: Called Strike
0-2: SINGLE (Groundball, 6MD, EV 98.1 MPH)
Rich Gedman to third
Eddie Tanner to second
Batting: SHB Bip Roberts 0-0: Called Strike
0-1: Swinging Strike
0-2: Ball
1-2: Ball
2-2: Ball
3-2: Base on Balls
Rich Gedman scores
Eddie Tanner to third
Curt Bryan to second
Batting: LHB Mike Stenhouse 0-0: Called Strike
0-1: Foul Ball, location: 2F
0-2: Ball
1-2: Ball
2-2: SINGLE (Flyball, 89S, EV 87.5 MPH)
Eddie Tanner scores
Curt Bryan to third
Bip Roberts to second
Runner from 3rd tries for Home, SAFE, throw by RF to home
Batting: LHB Marvell Wynne 0-0: Ball
1-0: DOUBLE (Line Drive, 7D, EV 91.3 MPH)
Bip Roberts scores
Mike Stenhouse to third
Batting: RHB Ryne Sandberg 0-0: Ball
1-0: Called Strike
1-1: Ball
2-1: Foul Ball, location: 2F
2-2: DOUBLE (Line Drive, 7D, EV 108.8 MPH)
Mike Stenhouse scores
Marvell Wynne scores
Pitching: RHP Brandt Humphry
Batting: RHB Ramon Estepa 0-0: Ball
1-0: Foul Ball, location: 2F
1-1: Foul Ball, location: 2F
1-2: Ball
2-2: SINGLE (Line Drive, 7LS, EV 105.6 MPH)
Ryne Sandberg to third
Throwing error, E7
Ryne Sandberg scores
Ramon Estepa to second
Pinch Hitting: RHB Orlando Mercado 0-0: Ball
1-0: Called Strike
1-1: Ball
2-1: Ball
3-1: Base on Balls
Batting: LHB Rich Gedman 0-0: Ball
1-0: Foul Ball, location: 2F
1-1: SINGLE (Flyball, 5D, EV 96.9 MPH)
Ramon Estepa to third
Orlando Mercado to second
Batting: SHB Eddie Tanner 0-0: Fly out, F8 (Flyball, 8LS, EV 74.4 MPH)
Batting: SHB Curt Bryan 0-0: Fielders Choice at 2nd, 4-6 (Groundball, 4, EV 110.0 MPH)
Ramon Estepa scores
Orlando Mercado to third
Batting: SHB Bip Roberts 0-0: Ball
1-0: Fly out, F9 (Flyball, 89M, EV 81.3 MPH)
Top of the 7th over - 13 runs, 10 hits, 1 error, 2 left on base; Santa Domingo 25 - Port-au-Prince 1
BOTTOM OF THE 7TH
Port-au-Prince Pirates batting - Pitching for Santa Domingo Colonials : RHP Gregorio Soto
Now at 1B: Orlando Mercado
Batting: RHB Byron Peyton 0-0: Called Strike
0-1: Called Strike
0-2: SINGLE (Groundball, 6MD, EV 96.9 MPH)
Batting: LHB Tim Jordan 0-0: Ball
Byron Peyton steals 2nd base (no throw)
1-0: Swinging Strike
1-1: Called Strike
1-2: Ground out 4-3 (Groundball, 13, EV 81.9 MPH)
Byron Peyton to third
Batting: RHB Augie Schmidt 0-0: Called Strike
0-1: Foul Ball, location: 2F
0-2: Ball
1-2: Ground out 4-3 (Groundball, 34D, EV 85.0 MPH)
Byron Peyton scores
Batting: RHB Gerry Melillo 0-0: Called Strike
0-1: Foul Ball, location: 2F
0-2: Ball
1-2: Foul Ball, location: 2F
1-2: Foul Ball, location: 2F
1-2: Foul Ball, location: 2F
1-2: Foul Ball, location: 2F
1-2: SINGLE (Groundball, 6MD, EV 107.5 MPH)
Pitching: RHP Tim Reynolds
Batting: RHB Robert Duran 0-0: Swinging Strike
0-1: Foul Ball, location: 2F
0-2: Ball
1-2: Ball
2-2: Strikes out looking
Bottom of the 7th over - 1 run, 2 hits, 0 errors, 1 left on base; Santa Domingo 25 - Port-au-Prince 2
TOP OF THE 8TH
Santa Domingo Colonials batting - Pitching for Port-au-Prince Pirates : RHP Brandt Humphry
Batting: LHB Mike Stenhouse 0-0: Ball
1-0: Ball
2-0: Ball
3-0: Called Strike
3-1: SINGLE (Line Drive, 7S, EV 108.1 MPH)
Batting: LHB Marvell Wynne 0-0: Ball
Wild Pitch!
Mike Stenhouse to second
1-0: Foul Ball, location: 2F
1-1: Ball
Wild Pitch!
Mike Stenhouse to third
2-1: Fly out, F7 (Flyball, 78M, EV 91.3 MPH)
Runner from 3rd tags up, OUT at HOME! 7-2
Batting: RHB Ryne Sandberg 0-0: Called Strike
0-1: Foul Ball, location: 2F
0-2: Strikes out swinging
Top of the 8th over - 0 runs, 1 hit, 0 errors, 0 left on base; Santa Domingo 25 - Port-au-Prince 2
BOTTOM OF THE 8TH
Port-au-Prince Pirates batting - Pitching for Santa Domingo Colonials : RHP Tim Reynolds
Batting: RHB Bobby Miscik 0-0: Ball
1-0: Foul Ball, location: 2F
1-1: Foul Ball, location: 2F
1-2: Foul Ball, location: 2F
1-2: Ball
2-2: Ball
3-2: SINGLE (Line Drive, 4MD, EV 100.6 MPH)
Batting: RHB Dennis Tiefenthaler 0-0: Ball
1-0: Grounds into double play, 5-4-3 (Groundball, 25, EV 88.8 MPH)
Pinch Hitting: SHB David Miller 0-0: Ball
1-0: Called Strike
1-1: Ball
2-1: Called Strike
2-2: SINGLE (Groundball, 25, EV 75.6 MPH) (infield hit)
Pinch Hitting: RHB Tony Flores 0-0: Called Strike
0-1: Ball
1-1: Ball
2-1: Foul Ball, location: 2F
2-2: Ground out 5-3 (Groundball, 56S, EV 85.6 MPH)
Bottom of the 8th over - 0 runs, 2 hits, 0 errors, 1 left on base; Santa Domingo 25 - Port-au-Prince 2
TOP OF THE 9TH
Santa Domingo Colonials batting - Pitching for Port-au-Prince Pirates : RHP Brandt Humphry
Pitching: RHP Thomas Colburn
Now at 1B: Robert Holden
Now in RF: David Miller
Batting: RHB Ramon Estepa 0-0: Ball
1-0: Ball
2-0: Ball
3-0: Called Strike
3-1: Base on Balls
Batting: RHB Orlando Mercado 0-0: Called Strike
0-1: Ball
1-1: Ball
2-1: Ball
3-1: Foul Ball, location: 2F
3-2: Foul Ball, location: 2F
3-2: Base on Balls
Ramon Estepa to second
Batting: LHB Rich Gedman 0-0: Called Strike
0-1: Foul Ball, location: 2F
0-2: Strikes out swinging
Batting: SHB Eddie Tanner 0-0: Ball
1-0: Foul Ball, location: 2F
1-1: Fielders Choice at 2nd, 4-6 (Groundball, 4, EV 87.5 MPH)
Ramon Estepa to third
Batting: SHB Curt Bryan 0-0: Ball
1-0: Called Strike
1-1: Foul Ball, location: 2F
1-2: Ball
2-2: Ball
3-2: Base on Balls
Eddie Tanner to second
Batting: SHB Bip Roberts 0-0: Ball
1-0: Called Strike
1-1: Foul Ball, location: 2F
1-2: Ball
2-2: Ball
3-2: Strikes out swinging
Top of the 9th over - 0 runs, 0 hits, 0 errors, 3 left on base; Santa Domingo 25 - Port-au-Prince 2
BOTTOM OF THE 9TH
Port-au-Prince Pirates batting - Pitching for Santa Domingo Colonials : RHP Tim Reynolds
Batting: RHB Byron Peyton 0-0: Called Strike
0-1: Ball
1-1: Ball
2-1: Ground out U3 (Groundball, 3, EV 88.1 MPH)
Batting: LHB Tim Jordan 0-0: Called Strike
0-1: Foul Ball, location: 2F
0-2: Foul Ball, location: 2F
0-2: Ball
1-2: Foul Ball, location: 2F
1-2: Ball
2-2: Foul Ball, location: 2F
2-2: Strikes out swinging
Batting: RHB Augie Schmidt 0-0: Called Strike
0-1: Called Strike
0-2: Ball
1-2: Ball
2-2: Ball
3-2: Strikes out swinging
Bottom of the 9th over - 0 runs, 0 hits, 0 errors, 0 left on base; Santa Domingo 25 - Port-au-Prince 2
Friday, June 26th, 2020 - OOTP Baseball 21.4 Build 63